 Dungeon Crawl Stone Soup version 0.30.1-9-gdf580d7c3d (webtiles) character file.

Game seed: 13157973154121301266

18633 H0rd4k the Slicer (level 12, 0/92 HPs)
             Began as a Human Artificer on Oct 10, 2023.
             Was an Initiate of Gozag.
             Slain by Sonja
             ... wielding a +2 dagger of distortion
              (12 damage)
             ... on level 3 of the Lair of Beasts on Oct 11, 2023.
             The game lasted 00:34:06 (17162 turns).

H0rd4k the Slicer (Human Artificer)                Turns: 17162, Time: 00:34:08

Health: 0/92       AC:  9    Str: 14    XL:     12   Next: 97%
Magic:  43/43      EV: 20    Int: 15    God:    Gozag
Gold:   1151       SH:  0    Dex: 14    Spells: 25/29 levels left

rFire   . . .        Q - +5 short sword of Arimid {holy, MP+9}
rCold   + + .        (no shield)
rNeg    . . .        b - +0 leather armour
rPois   .            (no helmet)
rElec   .            i - +2 cloak
rCorr   .            (no gloves)
SInv    .            K - +2 pair of boots
Will    .....        F - amulet "Vumnamej" {Faith rC++ MP+9 Stlth-} Stlth
                     I - +5 ring of evasion
HPRegen 0.35/turn    S - ring of wizardry
MPRegen 0.28/turn

%: faith, wizardry (x1)
@: on berserk cooldown, hasted and slowed
A: no striking features
a: Renounce Religion, Potion Petition, Call Merchant, Bribe Branch


You were on level 3 of the Lair of Beasts.
You worshipped Gozag.
Gozag was most pleased with you.
You visited 3 branches of the dungeon, and saw 14 of its levels.
You also visited: Sewer.

You collected 2396 gold pieces.
You spent 690 gold pieces at shops.
You paid 555 gold pieces to Gozag.

Inventory:

Hand Weapons
 p - the +7 triple crossbow of Winter {heavy, rF++}
   (You bought it in a shop on level 8 of the Dungeon)

   rF:        It greatly protects you from fire.
 r - a +2 sling of flaming
 y - a +2 dagger of venom
 A - a +3 short sword of electrocution
 E - a +2 falchion of electrocution
 L - the +6 dagger of Honesty {antimagic, rPois Int+2}
   (You found it on level 7 of the Dungeon)

   Int:       It affects your intelligence (+2).
   rPois:     It protects you from poison.
 Q - the +5 short sword of Arimid (weapon) {holy, MP+9}
   (You bought it in a shop on level 8 of the Dungeon)

   MP:        It affects your magic capacity (+9).
Missiles
 m - 19 poisoned darts (quivered)
Armour
 b - a +0 leather armour (worn)
 i - a +2 cloak (worn)
 K - a +2 pair of boots (worn)
 M - the +18 Lear's hauberk
   (You found it on level 7 of the Dungeon)
Magical Staves
 V - a staff of earth
Jewellery
 g - a ring of positive energy
 n - a ring of protection from fire
 s - a ring of ice
 t - a ring of wizardry
 F - the amulet "Vumnamej" (around neck) {Faith rC++ MP+9 Stlth-}
   (You took it off a centaur warrior on level 9 of the Dungeon)

   [amulet of faith]

   It allows you to gain divine favour quickly.
   rC:        It greatly protects you from cold.
   MP:        It affects your magic capacity (+9).
   Stlth:     It makes you less stealthy.
 I - a +5 ring of evasion (left hand)
 O - an amulet of magic regeneration
 S - a ring of wizardry (right hand)
Wands
 d - a wand of digging (3)
 v - a wand of polymorph (8)
Scrolls
 f - 6 scrolls of enchant armour
 j - 2 scrolls of amnesia
 k - a scroll of noise
 q - 7 scrolls of teleportation
 B - 4 scrolls of blinking
 C - 4 scrolls of fear
 N - 2 scrolls of magic mapping
Potions
 a - a potion of heal wounds
 c - a potion of magic {unknown}
 e - a potion of brilliance {unknown}
 h - 7 potions of curing
 l - 3 potions of flight
 D - 2 potions of mutation
 P - 2 potions of might {unknown}
 T - 2 potions of cancellation {unknown}
 U - 2 potions of invisibility {unknown}
Miscellaneous
 z - a tin of tremorstones (inert)
 R - a phial of floods (inert)


   Skills:
 - Level 7.7 Fighting
 - Level 10.1 Short Blades
 - Level 0.6 Maces & Flails
 + Level 1.3 Throwing
 - Level 2.0 Armour
 - Level 8.2 Dodging
 - Level 1.0 Stealth
 + Level 0.1 Unarmed Combat
 * Level 9.1 Spellcasting
 * Level 7.1 Hexes
 + Level 0.7 Earth Magic
 - Level 7.0 Evocations


You had 25 spell levels left.
You knew the following spells:

 Your Spells              Type           Power      Damage    Failure   Level
a - Slow                  Hex            100%       N/A       1%          1
b - Confusing Touch       Hex            28%        N/A       1%          3

Your spell library contained the following spells:

 Spells                   Type           Power      Damage    Failure   Level
 Tukima's Dance           Hex            28%        N/A       1%          3
 Inner Flame              Hex/Fire       17%        N/A       3%          3
 Apportation              Tloc           12%        N/A       5%          1
 Necrotise                Necr           28%        1d5       5%          1
 Summon Small Mammal      Summ           24%        N/A       5%          1
 Passwall                 Tmut/Erth      6%         N/A       7%          2
 Cigotuvi's Dreadful Rot  Necr/Pois/Air  14%        N/A       8%          2
 Fulminant Prism          Conj/Hex       8%         3d6       12%         4
 Stone Arrow              Conj/Erth      14%        3d7       14%         3
 Ignite Poison            Fire/Tmut/Pois 7%         N/A       16%         3
 Ozocubu's Armour         Ice            7%         N/A       16%         3
 Vampiric Draining        Necr           7%         2d6       16%         3
 Volatile Blastmotes      Fire/Tloc      14%        2d11      16%         3
 Animate Armour           Summ/Erth      14%        N/A       41%         4
 Dispel Undead            Necr           7%         3d8       43%         4
 Olgreb's Toxic Radiance  Pois           7%         N/A       43%         4
 Iskenderun's Mystic Bla  Conj/Tloc      6%         2d4       45%         4
 Lee's Rapid Deconstruct  Erth           4%         3d5*      69%         5
 Freezing Cloud           Conj/Ice/Air   3%         6-21      77%         5
 Death Channel            Necr           3%         N/A       99%         6
 Malign Gateway           Summ/Tloc      3%         N/A       100%        7
 Ozocubu's Refrigeration  Ice            3%         4d8       100%        7
 Discord                  Hex            14%        N/A       100%        8
 Ignition                 Fire           3%         3d4       100%        8
 Lehudib's Crystal Spear  Conj/Erth      3%         10d3      100%        8
 Summon Horrible Things   Summ           3%         N/A       100%        8


Dungeon Overview and Level Annotations

Branches:
Dungeon (10/15)            Temple (1/1) D:4            Lair (3/5) D:8
 Spider (0/4) Lair:2          Orc (0/2) D:9           Sewer (visited)
  Swamp: Lair:2-3    Shoals: Lair:2-3

Altars:
Ashenzari
Cheibriados
Dithmenos
Fedhas
Gozag
Hepliaklqana
Kikubaaqudgha
Okawaru
Ru
Sif Muna
Trog
Uskayaw
Vehumet
Wu Jian
Xom
Zin
The Shining One

Shops:
D:8 *(

Annotations:
D:5 exclusion: 2 downstairs
D:7 exclusion: downstairs
D:8 exclusion: downstairs
D:9 3 runed translucent doors
D:10 exclusion: upstairs, Gastronok, Lodul, Snorg
Lair:1 exclusion: downstairs
Lair:3 Sonja


Message History

You throw an atropa-tipped dart. The atropa-tipped dart misses Sonja.
Sonja throws a curare-tipped dart.
The curare-tipped dart misses you.
You throw an atropa-tipped dart. The atropa-tipped dart misses Sonja.
You completely miss Sonja.
Sonja is moderately wounded.
Sonja gestures wildly while chanting.
Sonja blinks!
You throw a poisoned dart.
The poisoned dart completely misses Sonja.
You throw a poisoned dart. The poisoned dart closely misses Sonja.
You throw a poisoned dart. The poisoned dart misses Sonja.
Sonja twirls her cape.
Sonja hits you with a +2 dagger of distortion.
Sonja hits you but does no damage. Space warps around you.
Sonja completely misses you.
You completely miss Sonja.
Sonja is moderately wounded.
You miss Sonja.
Sonja is moderately wounded.
Sonja closely misses you.
Sonja hits you with a +2 dagger of distortion.
Space warps horribly around you!!
Sonja hits you with a +2 dagger of distortion.
Space warps around you.
You puncture Sonja!
Sonja is severely wounded.
Sonja hits you with a +2 dagger of distortion.
Space warps horribly around you!!
* * * LOW HITPOINT WARNING * * *
Sonja completely misses you. Sonja closely misses you.
You miss Sonja.
Sonja is severely wounded.
Sonja looks more healthy.
You barely miss Sonja.
Sonja is severely wounded.
Sonja hits you with a +2 dagger of distortion.
* * * LOW HITPOINT WARNING * * *
Space warps horribly around you!
You die...
Your body crumbles into a pile of gold.

#......# #.....#
#....# #...##
##....# ##....###
#..#(...####
####...(.#.##
##(....K@##### .
##.....#...PP#....
##(.#(...##........
#....#....#####....
##..##.....# #..
#.###.....# .
##..##......#
#.###P...^.P# ###
#####P###


You could see Sonja.

Vanquished Creatures
  A centaur warrior (D:9)
  Erica (Lair:1)
  A two-headed ogre (D:9)
  A skyshark (Lair:2)
  3 cane toads
  3 komodo dragons (Lair:1)
  3 trolls
  A hornet (D:9)
  3 blink frogs (Lair:3)
  5 culicivoras (Lair:2)
  A jumping spider (Lair:2)
  Sigmund (D:3)
  A wraith (D:9)
  A wyvern (D:8)
  A slime creature (D:9)
  31 yaks
  3 basilisks
  2 redbacks (Lair:2)
  A steam dragon (D:7)
  Menkaure (D:7)
  11 water moccasins
  An acid dragon (D:10)
  3 orc warriors
  A sky beast (D:8)
  An ice beast (D:7)
  2 black bears
  8 ogres
  5 centaurs
  9 wolves
  A phantom (D:7)
  7 bullfrogs
  3 scorpions
  8 wights
  6 killer bees
  2 electric eels (Lair:2)
  A jelly (D:6)
  A hound (D:5)
  3 sleepcaps (D:7)
  4 orc priests
  2 iguanas
  Natasha (thrice) (D:3)
  2 orc wizards (D:9)
  9 gnolls
  5 adders
  A shadow imp (D:5)
  A white imp (D:6)
  An ufetubus (D:3)
  A worm (D:2)
  4 dart slugs
  16 orcs
  3 bats
  10 endoplasms
  13 giant cockroaches
  10 goblins
  8 hobgoblins
  17 quokkas
  11 ball pythons
  11 frilled lizards
  8 kobolds
  5 rats
283 creatures vanquished.

Vanquished Creatures (collateral kills)
  A yak (D:10)
  A wyvern (D:9)
  Blork the orc (D:6)
  A bullfrog (Sewer)
  A howler monkey (D:6)
  A gnoll bouda (D:5)
  3 gnolls
9 creatures vanquished.

Vanquished Creatures (others)
  A hornet (D:9)
  2 yaks
  2 black bears
  An ogre (D:10)
  A bullfrog (Sewer)
  A gnoll sergeant (D:6)
  A wight (D:6)
  2 orc wizards
11 creatures vanquished.

Grand Total: 303 creatures vanquished

Notes
Turn   | Place    | Note
-------+----------+-------------------------------------------
     0 | D:1      | H0rd4k the Human Artificer began the quest for the Orb.
     0 | D:1      | Reached XP level 1. HP: 15/15 MP: 1/1
   139 | D:1      | Reached XP level 2. HP: 17/21 MP: 2/2
   369 | D:1      | Reached XP level 3. HP: 26/26 MP: 3/3
   494 | D:1      | Found a faded altar of an unknown god.
  1294 | D:3      | Noticed Natasha
  1303 | D:3      | Killed Natasha
  1304 | D:3      | Reached XP level 4. HP: 29/32 MP: 4/4
  1335 | D:3      | Noticed Natasha
  1349 | D:3      | Killed Natasha
  1350 | D:3      | Reached skill level 1 in Short Blades
  1350 | D:3      | Reached XP level 5. HP: 16/37 MP: 5/5
  1390 | D:3      | Noticed Sigmund
  1394 | D:3      | Killed Sigmund
  1395 | D:3      | Reached skill level 5 in Evocations
  1395 | D:3      | Reached XP level 6. HP: 29/44 MP: 6/6
  1521 | D:3      | Noticed Natasha
  1536 | D:3      | HP: 1/44 [constriction (2)]
  1537 | D:3      | Killed Natasha
  1703 | D:3      | Found an ornate altar of the Wu Jian Council.
  1703 | D:3      | Found a blossoming altar of Fedhas.
  2091 | D:3      | Reached skill level 2 in Short Blades
  2260 | D:4      | Found a glowing drain.
  2299 | Sewer    | Entered a sewer
  2357 | Sewer    | Reached XP level 7. HP: 44/50 MP: 7/7
  2823 | Sewer    | Reached skill level 3 in Short Blades
  2921 | D:4      | Found a staircase to the Ecumenical Temple.
  2930 | Temple   | Entered the Ecumenical Temple
  2942 | Temple   | Became a worshipper of Gozag Ym Sagoz the Greedy
  3729 | D:5      | Entered Level 5 of the Dungeon
  3866 | D:5      | Reached XP level 8. HP: 58/58 MP: 8/8
  3886 | D:5      | Reached skill level 4 in Short Blades
  4243 | D:5      | Found a shimmering blue altar of Sif Muna.
  5111 | D:6      | Noticed Blork the orc
  5132 | D:6      | Reached skill level 5 in Short Blades
  5136 | D:6      | Killed Blork the orc
  5137 | D:6      | Reached skill level 5 in Dodging
  5491 | D:6      | Reached XP level 9. HP: 51/65 MP: 9/9
  6036 | D:7      | Reached skill level 1 in Spellcasting
  6132 | D:7      | Noticed Menkaure
  6137 | D:7      | Killed Menkaure
  6138 | D:7      | Reached skill level 6 in Short Blades
  6449 | D:7      | Reached skill level 5 in Fighting
  6852 | D:7      | Identified the +6 dagger of Honesty {antimagic, rPois
                  | Int+2}
  6871 | D:7      | Noticed a troll
  6879 | D:7      | Killed a troll
  6924 | D:7      | Found the +18 Lear's hauberk
  6981 | D:7      | Reached XP level 10. HP: 74/74 MP: 14/14
  7398 | D:8      | Found a glowing golden altar of the Shining One.
  7579 | D:8      | Found Kathampe's Sacrilege Store.
  7597 | D:8      | Reached skill level 7 in Short Blades
  7753 | D:8      | Noticed an elephant
  8117 | D:8      | Found a staircase to the Lair.
  8847 | D:8      | Bought a twisted short sword for 240 gold pieces
  8847 | D:8      | Identified the +5 short sword of Arimid {holy, MP+9} (You
                  | bought it in a shop on level 8 of the Dungeon)
  9074 | D:9      | Reached skill level 8 in Short Blades
  9719 | D:9      | Found a runed translucent gate.
  9719 | D:9      | Found a runed translucent gate.
  9719 | D:9      | Found a runed translucent gate.
  9720 | D:9      | Noticed a brown ugly thing
  9721 | D:9      | Noticed a red ugly thing
  9722 | D:9      | Noticed a glowing orange brain
  9722 | D:9      | Noticed a cyan ugly thing
  9722 | D:9      | Noticed a purple ugly thing
  9723 | D:9      | Noticed a white ugly thing
  9836 | D:9      | Found a staircase to the Orcish Mines.
 10128 | D:9      | Reached XP level 11. HP: 61/83 MP: 17/17
 10277 | D:9      | Noticed a fire dragon
 10426 | D:10     | Entered Level 10 of the Dungeon
 10476 | D:10     | Reached skill level 9 in Short Blades
 10654 | D:10     | Reached skill level 5 in Spellcasting
 11235 | D:10     | Noticed Lodul
 11581 | D:10     | Noticed Snorg
 11860 | D:9      | Noticed a two-headed ogre
 11878 | D:9      | Killed a two-headed ogre
 12092 | D:10     | Noticed Gastronok
 12395 | D:9      | Noticed a purple ugly thing
 12395 | D:9      | Noticed a boulder beetle
 12491 | D:9      | Identified the amulet "Vumnamej" {Faith rC++ MP+9 Stlth-}
 12491 | D:9      | Noticed a centaur warrior
 12506 | D:9      | Killed a centaur warrior
 12507 | D:9      | Reached skill level 10 in Short Blades
 12624 | Lair:1   | Entered Level 1 of the Lair of Beasts
 12674 | Lair:1   | Learned a level 1 spell: Slow
 12678 | Lair:1   | Learned a level 3 spell: Confusing Touch
 12744 | Lair:1   | Noticed Erica
 12845 | Lair:1   | Killed Erica
 12846 | Lair:1   | Reached skill level 1 in Hexes
 12960 | Lair:1   | Identified the +0 sling of Abuse {heavy, rPois Str-3 Int+4
                  | SInv}
 13195 | Lair:1   | Reached XP level 12. HP: 68/92 MP: 21/21
 13288 | Lair:1   | Got the Grimoire of the Tuna
 14905 | Lair:2   | Reached skill level 5 in Hexes
 15519 | Lair:2   | Noticed a skyshark
 15529 | Lair:2   | Killed a skyshark
 15799 | Lair:2   | Noticed an eight-headed hydra
 15991 | D:8      | Bought a masterwork triple crossbow for 450 gold pieces
 15991 | D:8      | Identified the +7 triple crossbow of Winter {heavy, rF++}
                  | (You bought it in a shop on level 8 of the Dungeon)
 16062 | Lair:2   | Found a hole to the Spider Nest.
 16397 | Lair:3   | Reached skill level 1 in Throwing
 16969 | Lair:3   | Identified the +9 whip "Yxahib" {venom, rElec rF+ Will-
                  | Dex+4}
 16972 | Lair:3   | Noticed Sonja
 17162 | Lair:3   | Slain by Sonja

Illustrated notes

Levels and vault maps discovered:
D:1:      dpeg_arrival_round_b, layout_loops_ring, serial_forest,
          infiniplex_forest_end_double, infiniplex_forest_lined_room_2,
          infiniplex_forest_lined_3_way, infiniplex_forest_zigzag_2,
          infiniplex_forest_end_2, infiniplex_forest_clump_cross,
          chequers_ecumenical_altar_simple_redux
D:2:      layout_rooms, grunt_decor_mini_mirrors, st_stairs_13
D:3:      layout_loops_ring, nicolae_overflow_squiral, uniq_sigmund,
          uniq_natasha
D:4:      layout_basic, minmay_temple_entry_junction, portal_sewer_entry_f
D:5:      layout_rooms, nicolae_sif_muna_little_library
D:6:      layout_loops_ring, minmay_stone_trees_small, uniq_blork_the_orc
D:7:      nicolae_cairo_tiling_large, layout_basic,
          hellmonk_guarded_unrand_lears, uniq_menkaure
D:8:      layout_loops_ring, tso_metal_star, david_lair_generic,
          nicolae_evil_shop
D:9:      minmay_the_grid_triangle_9x9_rhombus_thin
          [minmay_the_grid_triangle_9x9_steps,
          minmay_the_grid_triangle_9x9_prize_special,
          minmay_the_grid_triangle_9x9_cache,
          minmay_the_grid_triangle_9x9_zippers_horizontal], layout_basic,
          orc_0_dummy, ploomutoo_gammafunk_ghost_potion_laboratory
D:10:     layout_loops_ring, uniq_snorg, uniq_lodul, uniq_gastronok
Temple:   dpeg_three_leaves_temple
Lair:1:   layout_roguey, uniq_erica
Lair:2:   layout_cave_shapes, nicolae_spider_entry_tight_spaces,
          chequers_serial_rivers_small_b, serial_bayou_shore_a
Lair:3:   layout_cave_pods, nicolae_shoals_entry_roost, grunt_megastairs_2,
          uniq_sonja

Skill      XL: |  1  2  3  4  5  6  7  8  9 10 11 12 |
---------------+-------------------------------------+-----
Evocations     | 4 5 6 7 |  7.0
Short Blades   | 1 2 3 5 6 8 10 | 10.1
Dodging        | 2 3 4 5 6 7 8 |  8.2
Fighting       | 2 3 4 5 6 7 |  7.7
Spellcasting   | 2 4 6 9 |  9.1
Hexes          | 3 7 |  7.1
Throwing       | 1 |  1.3
Maces & Flails | |  0.6
Armour         | |  2.0
Stealth        | |  1.0
Unarmed Combat | |  0.1
Earth Magic    | |  0.7

Action                     |  1- 3 |  4- 6 |  7- 9 | 10-12 || total
---------------------------+-------+-------+-------+-------++-------
  Melee: Club              |    56 |       |       |       ||    56
         Dagger            |    53 |   122 |   483 |   167 ||   825
         Punch             |     2 |     1 |     4 |    20 ||    27
         Short sword       |       |       |       |  1036 ||  1036
  Throw: Dart              |       |       |       |    38 ||    38
         Throwing net      |       |       |       |     1 ||     1
   Cast: Slow              |       |       |       |    24 ||    24
         Confusing Touch   |       |       |       |    35 ||    35
 Invoke: Call Merchant     |       |       |       |     1 ||     1
  Evoke: Wand              |     5 |     4 |    18 |    27 ||    54
         Tin of tremorston |       |       |       |     3 ||     3
         Phial of floods   |       |       |       |     2 ||     2
    Use: Scroll            |       |       |     1 |    20 ||    21
         Potion            |       |       |       |     6 ||     6
   Stab: Sleeping          |     2 |       |     2 |     2 ||     6
         Paralysed         |       |       |     3 |     3 ||     6
         Distracted        |       |       |     2 |     1 ||     3
         Confused          |       |       |       |    37 ||    37
 Armour: Leather armour    |    40 |    27 |   107 |   142 ||   316
         Skin              |       |       |       |     2 ||     2
  Dodge: Dodged            |    48 |    74 |   271 |   506 ||   899
